 Dungeon Crawl Stone Soup version 0.22-a0-362-g535178c (webtiles) character file.

200 Amnesiac the Skirmisher (level 5, -9/32 HPs)
             Began as a Deep Elf Fighter on Apr 21, 2018.
             Mangled by an ogre
             ... wielding a +0 giant club
              (24 damage)
             ... on level 5 of the Dungeon.
             The game lasted 00:04:41 (3653 turns).

Amnesiac the Skirmisher (Deep Elf Fighter)          Turns: 3653, Time: 00:04:42

Health: -9/32      AC: 12    Str: 14    XL:     5   Next: 49%
Magic:  7/7        EV:  2    Int: 13    God:
Gold:   164        SH:  8    Dex: 14    Spells: 2/4 levels left

rFire    . . .     SeeInvis .   a - +1 rapier
rCold    . . .     Gourm    .   c - +0 shield
rNeg     . . .     Faith    +   i - +0 plate armour
rPois    .         Spirit   .   j - +0 helmet
rElec    .         Reflect  .   (no cloak)
rCorr    .         Harm     .   (no gloves)
MR       .....                  (no boots)
Stlth    ..........             k - amulet of faith
HPRegen  0.10/turn              (no ring)
MPRegen  0.10/turn              (no ring)

@: very slightly contaminated, invisible
A: no striking features
a: no special abilities


You were on level 5 of the Dungeon.
You were not hungry.

You visited 1 branch of the dungeon, and saw 5 of its levels.

You collected 164 gold pieces.

Inventory:

Hand Weapons
 a - a +1 rapier (weapon)
Missiles
 l - 33 arrows
Armour
 c - a +0 shield (worn)
 i - a +0 plate armour (worn)
 j - a +0 helmet (worn)
Jewellery
 k - an amulet of faith (around neck)
Scrolls
 g - 4 scrolls of identify {!r}
Potions
 d - 3 potions of might {!q}
 h - 3 potions of curing {!q}
 m - a potion of haste {!q}
 n - a potion of heal wounds {!q, unknown}
 o - a potion of magic {!q, unknown}
 s - a potion of resistance {!q}
Comestibles
 b - 2 chunks of flesh
 f - 11 rations


   Skills:
 * Level 3.5 Fighting
 - Level 2.0 Short Blades
 * Level 3.5 Armour
 + Level 3.4 Dodging
 - Level 2.4 Shields


You had 2 spell levels left.
You knew the following spells:

 Your Spells              Type           Power        Failure   Level  Hunger
z - Swiftness             Chrm/Air       #.......     100%        2    ###....


Dungeon Overview and Level Annotations

Branches:
Dungeon (5/15)
 Temple: D:4-7

Altars:
Yredelemnul


Message History

The adder is moderately wounded.
You block the adder's attack.
You hit the adder.
The adder is heavily wounded.
You block the adder's attack. The adder bites you but does no damage.
You hit the adder.
The adder is almost dead.
The adder bites you but does no damage.
Your shield and plate armour prevent you from hitting the adder.
The adder is almost dead.
The adder bites you.
You are poisoned.
The adder poisons you! You block the adder's attack.
You miss the adder.
The adder is almost dead.
You feel sick. The adder bites you. You block the adder's attack.
Your plate armour prevents you from hitting the adder.
The adder is almost dead.
The adder bites you but does no damage. You block the adder's attack.
You puncture the adder!
You kill the adder!
You feel sick.
You see here an adder corpse.
You butcher the adder corpse.
b - 2 chunks of flesh You see here an adder skeleton.
You feel sick.
You start resting.
You feel sick. x3
You are no longer poisoned.
You start resting.
HP restored.
You start resting.
An ogre is nearby!
An ogre is nearby!
The ogre shouts!
You aren't carrying any items that you can evoke.
Okay, then.
Really read
n - a scroll labeled XOENOMYRETE {!r}?
As you read the scroll labeled XOENOMYRETE {!r}, it crumbles to dust.
The scroll dissolves into smoke.
It was a scroll of fog {!r}.
Found a potion of haste.
Found a fizzy clear potion.
Found a stone staircase leading down.
n - a fizzy clear potion {!q}
There are no items here.
Really quaff
e - a potion of invisibility {!q}?
You fade into invisibility!
You are very lightly contaminated with residual magic.
You hit the ogre.
The ogre is lightly wounded.
The ogre hits you with a giant club!
* * * LOW HITPOINT WARNING * * *
You puncture the ogre!
The ogre is moderately wounded.
You block the ogre's attack.
You closely miss the ogre.
The ogre is moderately wounded.
The ogre hits you but does no damage.
Your plate armour prevents you from hitting the ogre.
The ogre is moderately wounded.
The ogre hits you with a giant club!!
Ouch! That really hurt!
You die...

############
.......@O..#######
##########........
.
######§§§§§..#####.
.# #....§§§§O...#
..###
#O####§####..# #.>.
#....§#.. ...!#
#.###
#.####.####...#
#...###.## #...#
##.#.##...###.
..>.#


You could see an ogre.

Vanquished Creatures
  A jelly (D:5)
  An iguana (D:4)
  A hound skeleton (D:4)
  2 adders
  3 oozes
  An adder skeleton (D:4)
  A worm (D:3)
  3 dart slugs
  5 leopard geckos
  5 orcs (D:4)
  3 giant cockroaches
  10 goblins
  4 hobgoblins
  11 jackals
  5 kobolds
  3 quokkas
  A ball python (D:3)
  7 bats
  4 frilled lizards
  5 rats
76 creatures vanquished.

Notes
Turn   | Place    | Note
-------+----------+-------------------------------------------
     0 | D:1      | Amnesiac the Deep Elf Fighter began the quest for the Orb.
     0 | D:1      | Reached XP level 1. HP: 13/13 MP: 3/3
    63 | D:1      | Reached skill level 1 in Dodging
   119 | D:1      | Reached XP level 2. HP: 17/18 MP: 4/4
   273 | D:1      | Reached XP level 3. HP: 11/22 MP: 5/5
  1291 | D:2      | Found a faded altar of an unknown god.
  1545 | D:2      | Reached XP level 4. HP: 27/27 MP: 6/6
  2018 | D:3      | Found a basalt altar of Yredelemnul.
  2545 | D:4      | Learned a level 2 spell: Swiftness
  2719 | D:4      | Noticed an ogre
  2835 | D:4      | Reached XP level 5. HP: 16/32 MP: 7/7
  3470 | D:5      | Entered Level 5 of the Dungeon
  3653 | D:5      | Mangled by an ogre

Vault maps used:
D:1:      dpeg_arrival_rooms_a
D:2:      chequers_ecumenical_altar_simple
D:3:      yredelemnul_altar_generic
D:4:      kennysheep_nub
D:5:      gammafunk_temple_overflow_pools, temple_statues, basic_altar,
          first_ration, corexii_corridor_pit

Skill      XL: |  1  2  3  4 |
---------------+-------------+-----
Dodging        | 2 3 |  3.4
Fighting       | 3 |  3.5
Armour         | 3 |  3.5
Short Blades   | |  2.0
Shields        | |  2.4

Action                   |  1- 3 |  4- 6 || total
-------------------------+-------+-------++-------
Melee: Rapier            |   135 |   166 ||   301
  Use: Scroll            |     4 |     7 ||    11
       Potion            |       |     2 ||     2
  Eat: Chunk             |     2 |     7 ||     9
Armor: Scale mail        |    75 |    53 ||   128
       Plate armour      |       |    57 ||    57
Dodge: Dodged            |    55 |    26 ||    81
Block: Shield            |    57 |    66 ||   123

Table legend:
 A = Spawn XP
 B = Non-spawn XP
 C = Spawn XP percentage of total XP
 D = Spawn monster count
 E = Non-spawn monster count
 F = Spawn count percentage of total count
 G = Total turns spent on level
                    A         B        C        D         E        F      G
               +---------+---------+-------+---------+---------+-------+---------
         Total |       0 |     287 |   0.0 |       0 |      76 |   0.0 |  3653
               +---------+---------+-------+---------+---------+-------+---------
           D:1 |       0 |      58 |   0.0 |       0 |      29 |   0.0 |   887
           D:2 |       0 |      40 |   0.0 |       0 |      13 |   0.0 |   879
           D:3 |       0 |      46 |   0.0 |       0 |      20 |   0.0 |   496
           D:4 |       0 |      83 |   0.0 |       0 |      11 |   0.0 |  1208
           D:5 |       0 |      60 |   0.0 |       0 |       3 |   0.0 |   183
               +---------+---------+-------+---------+---------+-------+---------
